cohdb
Replays
Latest Replays
All Replays
Popular Replays
Top Player Replays
Match Explorer
How It Works
Community
CoH3 Stats
Reddit
Sign in to upload your games and track your stats! →
Sign in with Steam
Match 37977205
Unlisted
Match 37977205
Overview
Messages
Build Orders
End
Royal Engineer Section
Construct Section Command Post
Infantry Section
Infantry Section
Infantry Section
Construct Field Infirmary
Selects Indian Artillery Battlegroup
Selects Indian Artillery Battlegroup
Selects War Cry
Construct Platoon Command Post
Selects Gurkha Rifles Section
Humber Armored Car
Gurkha Rifles Section
Selects Pillage
6-pounder Anti-tank Gun Team
Infantry Training
Construct Company Command Post
Selects Artillery Saturation
Selects Off-map Airburst Barrage
Crusader II Medium Tank
STALKER4732
kit.ohume
Devochkin
Achilles Gaming @ YouTube
Banania
shadow 2
0
0
Comments
sign in to comment!
No comments posted yet!